 Dungeon Crawl Stone Soup version 0.31-a0-236-g9a0961fb85 (webtiles) character file.

Game seed: 13126010219730057346

193 qw the Shooter (level 5, 0/30 HPs)
             Began as a Gargoyle Hexslinger on July 9, 2023.
             Slain by an iron imp (2 damage)
             ... summoned by Eustachio
             ... on level 4 of the Dungeon.
             The game lasted 00:01:04 (2192 turns).

qw the Shooter (Gargoyle Hexslinger)                Turns: 2192, Time: 00:01:04

Health: 0/30       AC: 11    Str: 12    XL:     5   Next: 72%
Magic:  6/6        EV: 10    Int: 13    God:
Gold:   173        SH:  0    Dex: 14    Spells: 5/6 levels left

rFire   . . .        Y - +1 sling
rCold   . . .        (no shield)
rNeg    + . .        g - +0 ring mail
rPois   inf          e - +1 helmet
rElec   +            (no cloak)
rCorr   .            (no gloves)
SInv    .            (no boots)
Will    +....        (no amulet)
Stlth   +            f - ring of willpower
HPRegen 0.25/turn    (no ring)
MPRegen 0.10/turn

%: no passive effects
@: no status effects
A: sickness immunity, AC +4, negative energy resistance 1, electricity
resistance, torment resistance 1, petrification resistance
a: no special abilities


You were on level 4 of the Dungeon.
You visited 1 branch of the dungeon, and saw 4 of its levels.

You collected 173 gold pieces.


Innate Abilities, Weirdness & Mutations

You are immune to sickness and miasma.
Your stone body is resilient. (AC +4)
You are immune to poison.
You resist negative energy. (rN+)
You are resistant to electric shocks. (rElec)
You are resistant to unholy torment.
You are immune to petrification.


   Skills:
 + Level 2.0 Fighting
 - Level 5.3 Ranged Weapons
 - Level 1.3 Armour
 - Level 1.5 Dodging
 - Level 1.0 Spellcasting
 - Level 2.6 Hexes


You had 5 spell levels left.
You knew the following spells:

 Your Spells              Type           Power      Damage    Failure   Level
a - Slow                  Hex            28%        N/A       21%         1

Your spell library contained the following spells:

 Spells                   Type           Power      Damage    Failure   Level
 Inner Flame              Hex/Fire       4%         N/A       71%         3
 Portal Projectile        Hex/Tloc       8%         N/A       71%         3
 Cause Fear               Hex            3%         N/A       90%         4

Inventory:

Hand Weapons
 Y - a +1 sling (weapon)
Armour
 e - a +1 helmet (worn)
 g - a +0 ring mail (worn)
Jewellery
 b - a ring of ice
 f - a ring of willpower (left hand)
Scrolls
 h - a scroll of identify
Potions
 a - a potion of enlightenment
 c - a potion of haste {unknown}

Dungeon Overview and Level Annotations

Branches:
Dungeon (4/15)
 Temple: D:4-7

Altars:
Fedhas
Kikubaaqudgha
Trog

Annotations:
D:3 1 runed translucent door, Crazy Yiuf
D:4 Eustachio


Message History

The quokka closely misses you.
You shoot a sling bullet. The sling bullet misses Eustachio.
The quokka closely misses you. Eustachio hits you but does no damage.
You shoot a sling bullet.
The sling bullet hits Eustachio but does no damage.
Eustachio is lightly wounded.
The quokka barely misses you.
Eustachio asks, "How can you live without manners, virtues and honour?"
Eustachio hits you with a +0 rapier.
The quokka bites you but does no damage.
Eustachio hits you with a +0 rapier.
You shoot a sling bullet.
The sling bullet closely misses Eustachio.
The quokka bites you but does no damage.
Eustachio gestures wildly while chanting.
The quokka bites you but does no damage.
You shoot a sling bullet. The sling bullet hits Eustachio.
Eustachio is lightly wounded.
Eustachio hits you but does no damage.
The quokka bites you but does no damage.
You shoot a sling bullet. The sling bullet misses Eustachio.
The quokka barely misses you. The iron imp hits you.
Eustachio closely misses you.
The quokka bites you but does no damage.
The iron imp hits you.
You shoot a sling bullet.
The sling bullet closely misses Eustachio.
Eustachio barely misses you.
The quokka bites you but does no damage.
Eustachio casts a spell.
Eustachio blinks!
The iron imp hits you but does no damage.
You shoot a sling bullet.
The sling bullet hits the iron imp but does no damage.
The quokka bites you but does no damage.
Eustachio gestures wildly while chanting.
Eustachio blinks!
The quokka bites you but does no damage.
The iron imp hits you.
You die...

#.....#### .
####...... .##
##...... ..#
##..##### #.#
#####.>## .
#.####......#
...
#.#....#.####
...¤.##.#.....<#
.@....5@r......#
.%..>.#.¤/.....#
..... ####.....#
.... #.....# ...
#.....# ..
####### #


You could see Eustachio, an iron imp (summoned) and a quokka.

Vanquished Creatures
  A howler monkey (D:4)
  A hound (D:4)
  5 adders
  A worm (D:2)
  3 dart slugs
  2 orcs
  2 bats (D:2)
  8 endoplasms
  2 giant cockroaches (D:1)
  6 goblins
  4 hobgoblins
  7 jackals
  3 quokkas
  6 ball pythons
  4 frilled lizards
  3 kobolds
  11 rats
69 creatures vanquished.

Notes
Turn   | Place    | Note
-------+----------+-------------------------------------------
     0 | D:1      | qw the Gargoyle Hexslinger began the quest for the Orb.
     0 | D:1      | Reached XP level 1. HP: 12/12 MP: 2/2
     0 | D:1      | 0 ||| qw: Version: 0.3-a-51-g015441d
     0 | D:1      | 0 ||| qw: Game counter: 4432
     0 | D:1      | 0 ||| qw: Melee chars always use a shield: true
     0 | D:1      | 0 ||| qw: God list: Okawaru
     0 | D:1      | 0 ||| qw: Allow faded altars: false
     0 | D:1      | 0 ||| qw: Do Orc after clearing Dungeon:15 true
     0 | D:1      | 0 ||| qw: Do second Lair branch before Depths: true
     0 | D:1      | 0 ||| qw: Lair rune preference: random
     0 | D:1      | 0 ||| qw: Goals: Normal
     0 | D:1      | 0 ||| PLANNING D:1-11
   117 | D:1      | Reached XP level 2. HP: 16/16 MP: 3/3
   225 | D:1      | Reached skill level 3 in Ranged Weapons
   235 | D:1      | HP: 3/16 [jackal (3)]
   242 | D:1      | HP: 1/16 [jackal (2)]
   481 | D:1      | Reached XP level 3. HP: 21/21 MP: 4/4
   870 | D:1      | Found a faded altar of an unknown god.
   872 | D:1      | 872 ||| UPGRADING to +0 leather armour.
   882 | D:1      | 882 ||| DROPPING +0 robe.
   883 | D:1      | 883 ||| UPGRADING to +0 ring mail.
   893 | D:1      | 893 ||| DROPPING +0 leather armour.
   894 | D:1      | 894 ||| UPGRADING to ring of willpower.
   895 | D:1      | 895 ||| READING scroll labelled TEHENOQ UKI.
   896 | D:1      | 896 ||| READING scroll labelled DUTITU ULOD.
   897 | D:1      | 897 ||| DROPPING scroll of poison.
   916 | D:2      | You fall into a shaft and drop 1 floor!
   918 | D:3      | Found a blossoming altar of Fedhas.
  1154 | D:3      | Found a runed translucent door.
  1155 | D:3      | Noticed Crazy Yiuf
  1198 | D:3      | 1198 ||| READING scroll labelled KIRCHY MU VOWOBERY.
  1204 | D:3      | 1204 ||| FLEEEEING.
  1205 | D:3      | 1205 ||| STAIRDANCE
  1303 | D:2      | Reached skill level 4 in Ranged Weapons
  1303 | D:2      | Reached XP level 4. HP: 26/26 MP: 5/5
  1362 | D:2      | Reached skill level 1 in Armour
  1621 | D:2      | 1621 ||| UPGRADING to +0 helmet.
  1626 | D:2      | 1626 ||| READING scroll labelled TEFEAR YRAOFRO.
  1627 | D:2      | 1627 ||| READING scroll labelled QESEUXI LASK.
  1628 | D:2      | 1628 ||| READING 4 scrolls of identify.
  1628 | D:2      | 1628 ||| IDENTIFYING smoky pink potion
  1629 | D:2      | 1629 ||| READING 3 scrolls of identify.
  1629 | D:2      | 1629 ||| IDENTIFYING green potion
  1630 | D:2      | 1630 ||| DROPPING potion of ambrosia.
  1751 | D:3      | Found an ancient bone altar of Kikubaaqudgha.
  1789 | D:3      | Found a bloodstained altar of Trog.
  1961 | D:3      | 1961 ||| READING scroll labelled KESTON KOCO.
  1980 | D:3      | 1980 ||| READING scroll labelled CUWKIGA SYPAU.
  1981 | D:3      | 1981 ||| READING 2 scrolls of identify.
  1981 | D:3      | 1981 ||| IDENTIFYING sedimented clear potion
  1982 | D:3      | 1982 ||| DROPPING potion of berserk rage.
  2033 | D:4      | Reached XP level 5. HP: 29/30 MP: 6/6
  2140 | D:4      | 2140 ||| READING scroll of enchant armour.
  2140 | D:4      | 2140 ||| ENCHANTING +0 helmet.
  2176 | D:4      | Noticed Eustachio
  2178 | D:4      | Reached skill level 5 in Ranged Weapons
  2190 | D:4      | HP: 3/30 [iron imp[Eustachio] (6)]
  2192 | D:4      | Slain by an iron imp

Levels and vault maps discovered:
D:1:      wander_arrival_fairy_ring, layout_basic,
          dreamdust_ecumenical_altar_hidden_monk_grotto, minmay_misc_feat_tower
D:2:      layout_rooms
D:3:      layout_basic, lemuel_round_altar, marbit_many_paths,
          lemuel_crystal_altar, uniq_crazy_yiuf_cottage
D:4:      layout_rooms, uniq_eustachio

Skill      XL: |  1  2  3  4  5 |
---------------+----------------+-----
Ranged Weapons | 3 4 5 |  5.3
Fighting       | 2 |  2.0
Armour         | 1 |  1.3
Dodging        | |  1.5
Spellcasting   | |  1.0
Hexes          | |  2.6

Action                     |  1- 3 |  4- 6 || total
---------------------------+-------+-------++-------
   Fire: Sling             |   140 |   123 ||   263
    Use: Scroll            |     3 |     8 ||    11
 Armour: Robe              |    16 |       ||    16
         Ring mail         |    57 |    44 ||   101
  Dodge: Dodged            |    97 |    68 ||   165

Table legend:
 A = Non-vault XP
 B = Vault XP
 C = Vault XP percentage of total XP
 D = Non-vault monster count
 E = Vault monster count
 F = Vault count percentage of total count
                 A         B        C        D         E       F
            +---------+---------+-------+---------+---------+-------
      Total |     264 |      13 |   4.7 |      68 |       1 |   1.4
            +---------+---------+-------+---------+---------+-------
        D:1 |      43 |       0 |   0.0 |      27 |       0 |   0.0
        D:2 |      68 |       0 |   0.0 |      18 |       0 |   0.0
        D:3 |      34 |      13 |  27.7 |      16 |       1 |   5.9
        D:4 |     119 |       0 |   0.0 |       7 |       0 |   0.0
            +---------+---------+-------+---------+---------+-------
